PAAA
ELLENBURG FIGHTING DACHSUNDS @ SANTA BARBARA GOLDEN CRANES
08/17/2033
 
TOP OF THE 1ST
Ellenburg Fighting Dachsunds batting - Pitching for Santa Barbara Golden Cranes : RHP Santiago López
Pitching: RHP Santiago López
Batting: SHB Theron Montecalvo 0-0: Ball
1-0: Called Strike
1-1: Called Strike
1-2: Ball
2-2: SINGLE (Line Drive, 9LM)
Batting: SHB Ben Boston 0-0: Foul Ball, location: 2F
0-1: Ball
1-1: Foul Ball, location: 2F
1-2: Ball
2-2: DOUBLE (Groundball, 3L)
Theron Montecalvo to third
Batting: LHB Vladya Pugiev 0-0: Foul Ball, location: 2F
0-1: Foul Ball, location: 2F
0-2: Ball
Wild Pitch!
Theron Montecalvo scores
Ben Boston to third
1-2: 2-RUN HOME RUN (Flyball, 9D), Distance : 349 ft
Batting: RHB Alan McLennan 0-0: Swinging Strike
0-1: Called Strike
0-2: Strikes out swinging
Batting: LHB Locke Lamora 0-0: Ball
1-0: Called Strike
1-1: Called Strike
1-2: Ball
2-2: Strikes out swinging
Batting: RHB Hugo Rampley 0-0: Ball
1-0: Swinging Strike
1-1: Ball
2-1: SINGLE (Groundball, 34S) (infield hit)
Batting: RHB José Vázquez 0-0: Called Strike
0-1: Ball
1-1: Foul Ball, location: 2F
1-2: Foul Ball, location: 2F
1-2: Ball
2-2: Ball
3-2: Fly out, F3 (Popup, 3S)
Top of the 1st over - 3 runs, 4 hits, 0 errors, 1 left on base; Ellenburg 3 - Santa Barbara 0
BOTTOM OF THE 1ST
Santa Barbara Golden Cranes batting - Pitching for Ellenburg Fighting Dachsunds : RHP Benjamin Busto
Pitching: RHP Benjamin Busto
Batting: LHB Su-wu Xiao 0-0: Called Strike
0-1: Ball
1-1: Ground out 4-3 (Groundball, 4MD)
Batting: RHB James Pike 0-0: Foul Ball, location: 2F
0-1: Ball
1-1: Fly out, F3 (Popup, 3F)
Batting: LHB Jin-song Seah 0-0: Foul Ball, location: 2F
0-1: Fly out, F8 (Flyball, 8RM)
Bottom of the 1st over - 0 runs, 0 hits, 0 errors, 0 left on base; Ellenburg 3 - Santa Barbara 0
TOP OF THE 2ND
Ellenburg Fighting Dachsunds batting - Pitching for Santa Barbara Golden Cranes : RHP Santiago López
Batting: RHB Oscar McMillan 0-0: Foul Ball, location: 2F
0-1: Ball
1-1: Swinging Strike
1-2: Foul Ball, location: 2F
1-2: Foul Ball, location: 2F
1-2: Fly out, F8 (Line Drive, 89M)
Batting: LHB Ned Durand 0-0: Ball
1-0: Called Strike
1-1: Called Strike
1-2: Foul Ball, location: 2F
1-2: Hit by Pitch
Batting: SHB Theron Montecalvo 0-0: Fly out, F7 (Flyball, 7LS)
Batting: SHB Ben Boston 0-0: Called Strike
0-1: Called Strike
0-2: Ball
1-2: Strikes out swinging
Top of the 2nd over - 0 runs, 0 hits, 0 errors, 1 left on base; Ellenburg 3 - Santa Barbara 0
BOTTOM OF THE 2ND
Santa Barbara Golden Cranes batting - Pitching for Ellenburg Fighting Dachsunds : RHP Benjamin Busto
Batting: SHB Wilbert Carter 0-0: Called Strike
0-1: Foul Ball, location: 2F
0-2: Ball
1-2: Foul Ball, location: 2F
1-2: Foul Ball, location: 2F
1-2: Ball
2-2: SINGLE (Groundball, 25) (infield hit)
Batting: RHB Ed St. James 0-0: Ball
1-0: SINGLE (Groundball, 34D)
Wilbert Carter to second
Runner from 2nd tries for 3rd, SAFE, no throw
Batting: RHB Rodney Usry 0-0: Ball
1-0: Called Strike
1-1: Foul Ball, location: 2F
1-2: Ball
Wild Pitch!
Wilbert Carter scores
Ed St. James to second
2-2: Strikes out swinging
Batting: RHB Gilbert Graham 0-0: SINGLE (Groundball, 56D)
Ed St. James to third
Runner from 3rd tries for Home, SAFE, no throw
Batting: LHB Yoichibei Sato 0-0: Foul Ball, location: 2F
0-1: Ball
1-1: Swinging Strike
1-2: Fielders Choice at 2nd, 1-6 (Groundball, 13S)
Batting: RHB Gerardo Vázquez 0-0: Ball
1-0: Called Strike
1-1: Ball
2-1: Ball
Yoichibei Sato is caught stealing 2nd base
Bottom of the 2nd over - 2 runs, 3 hits, 0 errors, 0 left on base; Ellenburg 3 - Santa Barbara 2
TOP OF THE 3RD
Ellenburg Fighting Dachsunds batting - Pitching for Santa Barbara Golden Cranes : RHP Santiago López
Batting: LHB Vladya Pugiev 0-0: Ball
1-0: Called Strike
1-1: Foul Ball, location: 2F
1-2: SINGLE (Line Drive, 34D)
Batting: RHB Alan McLennan 0-0: Ball
1-0: Fly out, F7 (Flyball, 7D)
Runner from 1st tags up, SAFE at 2nd
Batting: LHB Locke Lamora 0-0: Ball
1-0: Swinging Strike
1-1: Ground out 5-3 (Groundball, 5)
Batting: RHB Hugo Rampley 0-0: Ball
1-0: Swinging Strike
1-1: Ball
2-1: Ball
3-1: Foul Ball, location: 2F
3-2: Base on Balls
Batting: RHB José Vázquez 0-0: Swinging Strike
0-1: Ball
1-1: Ball
2-1: Foul Ball, location: 2F
2-2: Ball
3-2: Fly out, F9 (Flyball, 89M)
Top of the 3rd over - 0 runs, 1 hit, 0 errors, 2 left on base; Ellenburg 3 - Santa Barbara 2
BOTTOM OF THE 3RD
Santa Barbara Golden Cranes batting - Pitching for Ellenburg Fighting Dachsunds : RHP Benjamin Busto
Batting: RHB Gerardo Vázquez 0-0: Fly out, F9 (Flyball, 9LMF)
Batting: LHB Su-wu Xiao 0-0: DOUBLE (Flyball, 8LD)
Batting: RHB James Pike 0-0: Called Strike
0-1: SINGLE (Groundball, 6D)
Su-wu Xiao to third
Runner from 3rd tries for Home, SAFE, no throw
Batting: LHB Jin-song Seah 0-0: Called Strike
0-1: SINGLE (Flyball, 8RS)
James Pike to second
Batting: SHB Wilbert Carter 0-0: Ball
James Pike steals 3rd base
1-0: Ball
2-0: Called Strike
Jin-song Seah steals 2nd base
2-1: Ball
3-1: Swinging Strike
3-2: Base on Balls
Batting: RHB Ed St. James 0-0: Grounds into double play, 5-4-3 (Groundball, 56)
Bottom of the 3rd over - 1 run, 3 hits, 0 errors, 2 left on base; Ellenburg 3 - Santa Barbara 3
TOP OF THE 4TH
Ellenburg Fighting Dachsunds batting - Pitching for Santa Barbara Golden Cranes : RHP Santiago López
Batting: RHB Oscar McMillan 0-0: Ball
1-0: Called Strike
1-1: Ball
2-1: Ball
3-1: Fly out, F6 (Line Drive, 6)
Batting: LHB Ned Durand 0-0: Ball
1-0: Called Strike
1-1: Hit by Pitch
Batting: SHB Theron Montecalvo 0-0: Ball
1-0: Fielders Choice at 2nd, 4-6 (Groundball, 4)
Batting: SHB Ben Boston 0-0: Ball
1-0: Foul Ball, location: 2F
1-1: Called Strike
1-2: Strikes out looking
Top of the 4th over - 0 runs, 0 hits, 0 errors, 1 left on base; Ellenburg 3 - Santa Barbara 3
BOTTOM OF THE 4TH
Santa Barbara Golden Cranes batting - Pitching for Ellenburg Fighting Dachsunds : RHP Benjamin Busto
Batting: RHB Rodney Usry 0-0: Ball
1-0: Fly out, F4 (Popup, 4)
Batting: RHB Gilbert Graham 0-0: Ball
1-0: Foul Ball, location: 2F
1-1: Foul Ball, location: 2F
1-2: Ball
2-2: Foul Ball, location: 2F
2-2: Ball
3-2: Foul Ball, location: 2F
3-2: SINGLE (Line Drive, 56)
Batting: LHB Yoichibei Sato 0-0: Ball
1-0: Ball
2-0: SINGLE (Line Drive, 6MD)
Gilbert Graham to second
Batting: RHB Gerardo Vázquez 0-0: SINGLE (Groundball, 6D)
Gilbert Graham to third
Yoichibei Sato to second
Runner from 3rd tries for Home, SAFE, no throw
Batting: LHB Su-wu Xiao 0-0: Ball
1-0: Fly out, F8 (Flyball, 8RD)
Batting: RHB James Pike 0-0: Called Strike
0-1: Called Strike
0-2: SINGLE (Groundball, 6MD)
Yoichibei Sato to third
Gerardo Vázquez to second
Runner from 3rd tries for Home, SAFE, no throw
Batting: LHB Jin-song Seah 0-0: Ground out 4-3 (Groundball, 34D)
Bottom of the 4th over - 2 runs, 4 hits, 0 errors, 2 left on base; Ellenburg 3 - Santa Barbara 5
TOP OF THE 5TH
Ellenburg Fighting Dachsunds batting - Pitching for Santa Barbara Golden Cranes : RHP Santiago López
Batting: LHB Vladya Pugiev 0-0: SINGLE (Groundball, 5) (infield hit)
Batting: RHB Alan McLennan 0-0: Ball
1-0: Ball
2-0: Ball
3-0: Called Strike
3-1: Called Strike
3-2: Fly out, F4 (Line Drive, 4M)
Batting: LHB Locke Lamora 0-0: Ball
1-0: Swinging Strike
1-1: Ball
2-1: Ball
3-1: Called Strike
3-2: Strikes out swinging
Pitching: RHP Rocky Lannan
Batting: RHB Hugo Rampley 0-0: Ball
Vladya Pugiev is caught stealing 2nd base
Top of the 5th over - 0 runs, 1 hit, 0 errors, 0 left on base; Ellenburg 3 - Santa Barbara 5
BOTTOM OF THE 5TH
Santa Barbara Golden Cranes batting - Pitching for Ellenburg Fighting Dachsunds : RHP Benjamin Busto
Batting: SHB Wilbert Carter 0-0: Foul Ball, location: 2F
0-1: Ball
1-1: Ball
2-1: Ball
3-1: SINGLE (Line Drive, 34)
Batting: RHB Ed St. James 0-0: Ball
1-0: Ball
2-0: Grounds into double play, 4-6-3 (Groundball, 4)
Batting: RHB Rodney Usry 0-0: Fly out, F5 (Popup, 5F)
Bottom of the 5th over - 0 runs, 1 hit, 0 errors, 0 left on base; Ellenburg 3 - Santa Barbara 5
TOP OF THE 6TH
Ellenburg Fighting Dachsunds batting - Pitching for Santa Barbara Golden Cranes : RHP Rocky Lannan
Batting: RHB Hugo Rampley 0-0: Ball
1-0: DOUBLE (Line Drive, 8RXD)
Batting: RHB José Vázquez 0-0: Ball
1-0: Ball
2-0: Foul Ball, location: 2F
2-1: Ball
3-1: Called Strike
3-2: SINGLE (Groundball, 56D)
Hugo Rampley to third
Batting: RHB Oscar McMillan 0-0: Ball
1-0: Called Strike
1-1: Swinging Strike
1-2: Ball
2-2: Foul Ball, location: 2F
2-2: Strikes out looking
Batting: LHB Ned Durand 0-0: Swinging Strike
0-1: SINGLE (Groundball, 4MD)
Hugo Rampley scores
José Vázquez to second
Batting: SHB Theron Montecalvo 0-0: Fly out, F7 (Flyball, 7S)
Batting: SHB Ben Boston 0-0: Called Strike
0-1: Ball
1-1: Ball
2-1: Ball
3-1: Foul Ball, location: 2F
3-2: Reached on error, E9 (Line Drive, 89S)
José Vázquez scores
Ned Durand to third
Batting: LHB Vladya Pugiev 0-0: Ball
1-0: Fly out, F7 (Flyball, 7LS)
Top of the 6th over - 2 runs, 3 hits, 1 error, 2 left on base; Ellenburg 5 - Santa Barbara 5
BOTTOM OF THE 6TH
Santa Barbara Golden Cranes batting - Pitching for Ellenburg Fighting Dachsunds : RHP Benjamin Busto
Batting: RHB Gilbert Graham 0-0: Ball
1-0: Ball
2-0: Ball
3-0: Base on Balls
Batting: LHB Yoichibei Sato 0-0: Bunt missed!
0-1: Sac Bunt - play at first, batter OUT! 2-4
Gilbert Graham to second
Batting: RHB Gerardo Vázquez 0-0: Ball
1-0: Ball
2-0: Ground out 5-3 (Groundball, 56)
Batting: LHB Su-wu Xiao 0-0: SINGLE (Groundball, 4MD)
Gilbert Graham to third
Runner from 3rd tries for Home, SAFE, no throw
Batting: RHB James Pike 0-0: Ball
1-0: Called Strike
1-1: Called Strike
1-2: Ball
2-2: SINGLE (Groundball, 34D)
Su-wu Xiao to second
Runner from 2nd tries for 3rd, SAFE, throw made to third
Pitching: RHP José Macías
Batting: LHB Jin-song Seah 0-0: Ball
1-0: Called Strike
1-1: Foul Ball, location: 2F
1-2: Ball
2-2: Ball
3-2: Foul Ball, location: 2F
3-2: Foul Ball, location: 2F
3-2: Base on Balls
James Pike to second
Batting: SHB Wilbert Carter 0-0: Ball
1-0: Ball
2-0: Fielders Choice at 2nd, 6-4 (Groundball, 6)
Bottom of the 6th over - 1 run, 2 hits, 0 errors, 3 left on base; Ellenburg 5 - Santa Barbara 6
TOP OF THE 7TH
Ellenburg Fighting Dachsunds batting - Pitching for Santa Barbara Golden Cranes : RHP Rocky Lannan
Batting: RHB Alan McLennan 0-0: SINGLE (Groundball, 4MD)
Batting: LHB Locke Lamora 0-0: Ball
1-0: Ball
2-0: Grounds into double play, 6-4-3 (Groundball, 6)
Batting: RHB Hugo Rampley 0-0: Called Strike
0-1: Swinging Strike
0-2: Ball
1-2: Foul Ball, location: 2F
1-2: Ball
2-2: Foul Ball, location: 2F
2-2: Foul Ball, location: 2F
2-2: Strikes out swinging
Top of the 7th over - 0 runs, 1 hit, 0 errors, 0 left on base; Ellenburg 5 - Santa Barbara 6
BOTTOM OF THE 7TH
Santa Barbara Golden Cranes batting - Pitching for Ellenburg Fighting Dachsunds : RHP José Macías
Batting: RHB Ed St. James 0-0: Foul Ball, location: 2F
0-1: Foul Ball, location: 2F
0-2: Ball
1-2: Foul Ball, location: 2F
1-2: Ground out 6-3 (Groundball, 6)
Batting: RHB Rodney Usry 0-0: Ball
1-0: Ball
2-0: Called Strike
2-1: SOLO HOME RUN (Flyball, 7LD), Distance : 363 ft
Batting: RHB Gilbert Graham 0-0: Called Strike
0-1: Foul Ball, location: 2F
0-2: Ball
1-2: Ball
2-2: Ball
3-2: SINGLE (Groundball, 56D)
Batting: LHB Yoichibei Sato 0-0: Ball
1-0: Called Strike
1-1: Ball
Balk!
Gilbert Graham to second
2-1: Intentional Walk
Batting: RHB Gerardo Vázquez 0-0: Ball
1-0: Swinging Strike
1-1: Fly out, F7 (Flyball, 7LM)
Batting: LHB Su-wu Xiao 0-0: SINGLE (Flyball, 78S)
Gilbert Graham to third
Yoichibei Sato to second
Runner from 3rd tries for Home, SAFE, no throw
Batting: RHB James Pike 0-0: Ball
Balk!
Yoichibei Sato to third
Su-wu Xiao to second
1-0: Ball
2-0: SINGLE (Groundball, 56D)
Yoichibei Sato scores
Su-wu Xiao to third
Runner from 3rd tries for Home, SAFE, no throw
Pitching: RHP Addick Lubbers
Batting: LHB Jin-song Seah 0-0: Called Strike
James Pike steals 2nd base
0-1: Ball
1-1: Ball
2-1: Ground out 5-3 (Groundball, 56)
Bottom of the 7th over - 4 runs, 4 hits, 0 errors, 1 left on base; Ellenburg 5 - Santa Barbara 10
TOP OF THE 8TH
Ellenburg Fighting Dachsunds batting - Pitching for Santa Barbara Golden Cranes : RHP Rocky Lannan
Batting: RHB José Vázquez 0-0: Swinging Strike
0-1: SINGLE (Flyball, 8LS) - OUT at second base trying to stretch hit.
Batting: RHB Oscar McMillan 0-0: Called Strike
0-1: Called Strike
0-2: SINGLE (Line Drive, 5D)
Batting: LHB Ned Durand 0-0: Ball
1-0: Ball
2-0: Ball
3-0: Base on Balls
Oscar McMillan to second
Batting: SHB Theron Montecalvo 0-0: Ball
1-0: Foul Ball, location: 2F
1-1: Ball
2-1: Called Strike
2-2: Ball
3-2: Base on Balls
Oscar McMillan to third
Ned Durand to second
Batting: SHB Ben Boston 0-0: Called Strike
0-1: Ball
1-1: Foul Ball, location: 2F
1-2: Ball
2-2: Ball
3-2: Foul Ball, location: 2F
3-2: Base on Balls
Oscar McMillan scores
Ned Durand to third
Theron Montecalvo to second
Pitching: LHP Nick Riviera
Batting: LHB Vladya Pugiev 0-0: Ball
1-0: Called Strike
1-1: Swinging Strike
1-2: Ball
2-2: SINGLE (Flyball, 78M)
Ned Durand scores
Theron Montecalvo to third
Ben Boston to second
Batting: RHB Alan McLennan 0-0: Called Strike
0-1: Ground out 5-3 (Groundball, 56S)
Theron Montecalvo scores
Ben Boston to third
Vladya Pugiev to second
Pinch Hitting: RHB José Barroca 0-0: Ball
1-0: Ground out 6-3 (Groundball, 6)
Top of the 8th over - 3 runs, 3 hits, 0 errors, 2 left on base; Ellenburg 8 - Santa Barbara 10
BOTTOM OF THE 8TH
Santa Barbara Golden Cranes batting - Pitching for Ellenburg Fighting Dachsunds : RHP Addick Lubbers
Now at 3B: Ted Tullo
Batting: SHB Wilbert Carter 0-0: Foul Ball, location: 2F
0-1: Ball
1-1: Ball
2-1: Ball
3-1: Foul Ball, location: 2F
3-2: Base on Balls
Batting: RHB Ed St. James 0-0: Ball
1-0: SINGLE (Flyball, 8LS)
Wilbert Carter to second
Runner from 2nd tries for 3rd, SAFE, throw made to third
Batting: RHB Rodney Usry 0-0: Foul Ball, location: 2F
0-1: Fly out, F7 (Flyball, 78M)
Runner from 3rd tags up, SCORES, no throw
Batting: RHB Gilbert Graham 0-0: Called Strike
0-1: Ball
1-1: Foul Ball, location: 2F
1-2: Ball
2-2: Foul Ball, location: 2F
2-2: Foul Ball, location: 2F
2-2: Strikes out swinging
Batting: LHB Yoichibei Sato 0-0: Ball
1-0: SINGLE (Groundball, 34D)
Ed St. James to second
Runner from 2nd tries for 3rd, OUT!
Bottom of the 8th over - 1 run, 2 hits, 0 errors, 1 left on base; Ellenburg 8 - Santa Barbara 11
TOP OF THE 9TH
Ellenburg Fighting Dachsunds batting - Pitching for Santa Barbara Golden Cranes : LHP Nick Riviera
Pitching: LHP Domingo Posadas
Batting: RHB Hugo Rampley 0-0: Called Strike
0-1: Fly out, F9 (Flyball, 9D)
Batting: RHB José Vázquez 0-0: Ball
1-0: Fly out, F7 (Flyball, 7S)
Batting: RHB Oscar McMillan 0-0: Fly out, F8 (Flyball, 8LD)
Top of the 9th over - 0 runs, 0 hits, 0 errors, 0 left on base; Ellenburg 8 - Santa Barbara 11
Saturday, December 22nd, 2018 - OOTP Baseball 18.8 Build 76